 Dungeon Crawl Stone Soup version 0.20.0-10-g0535bb4 (webtiles) character file.

174 mopl the Archer (level 5, -1/41 HPs)
             Began as a Centaur Hunter on June 3, 2017.
             Slain by an orc
             ... wielding a +0 mace
              (6 damage)
             ... on level 3 of the Dungeon.
             The game lasted 00:03:17 (2342 turns).

mopl the Archer (Centaur Hunter)                    Turns: 2342, Time: 00:03:18

Health: -1/41      AC:  5    Str: 14    XL:     5   Next: 28%
Magic:  5/5        EV:  8    Int: 10    God:
Gold:   92         SH:  0    Dex: 11    Spells: 4/4 levels left

rFire    . . .     SeeInvis .   b - +0 short sword (venom)
rCold    . . .     Gourm    .   (no shield)
rNeg     . . .     Faith    .   o - +0 ring mail (curse)
rPois    .         Spirit   .   (no helmet)
rElec    .         Reflect  .   (no cloak)
rCorr    .         Harm     .   (no gloves)
MR       .....                  (no barding)
Stlth    ..........             (no amulet)
Regen    0.2/turn               (no ring)
MPRegen  0.1/turn               (no ring)

@: very quick
A: hooves 3, deformed body, speed 2, tough skin 3
a: no special abilities


You were on level 3 of the Dungeon.
You were hungry.

You visited 1 branch of the dungeon, and saw 3 of its levels.

You collected 92 gold pieces.

Inventory:

Hand Weapons
 a - a +1 shortbow
 b - a +0 short sword of venom (weapon)
 r - a +0 spear
Missiles
 d - 18 arrows
Armour
 o - a cursed +0 ring mail (worn)
Scrolls
 j - a scroll of teleportation {unknown}
 l - a scroll of identify {unknown}
 q - a scroll of remove curse {unknown}
Potions
 e - a potion of degeneration {unknown}
 i - 4 potions of lignification {unknown}
 k - a potion of heal wounds
 m - a potion of curing {unknown}
 n - a potion of berserk rage {unknown}
Comestibles
 f - 3 bread rations
 g - a meat ration
 h - a royal jelly
 p - a fruit


   Skills:
 - Level 2.0 Fighting
 + Level 8.7 Bows
 - Level 1.3 Dodging
 - Level 0.4 Stealth


You had 4 spell levels left.
You didn't know any spells.

Dungeon Overview and Level Annotations

Branches:
Dungeon (3/15)

Altars:
Makhleb


Innate Abilities, Weirdness & Mutations

You have hooves in place of feet.
Armour fits poorly on your strangely shaped body.
You cover ground very quickly.
You have extremely tough skin. (AC +3)


Message History

The orc barely misses you.
Found a dire flail and a scroll labeled ASCHIX BAUMO.
An orc comes into view. It is wielding a club.
You kill the orc!
You hit the orc.
The orc is poisoned.
You kick the orc, but do no damage.
The orc is moderately wounded.
The orc hits you with a hand axe.
You closely miss the orc. Your kick misses the orc.
The orc is moderately wounded.
The orc hits you with a hand axe.
* * * LOW HITPOINT WARNING * * *
The orc barely misses you.
You kill the orc!
You completely miss the orc. You kick the orc, but do no damage.
The orc barely misses you.
You closely miss the orc. The orc hits you with a mace.
* * * LOW HITPOINT WARNING * * *
You barely miss the orc. Your kick misses the orc.
The orc hits you with a mace.
You die...

#..... #...... .......
######### .......
..#..$#...## .......
...........## .......
............#####.......
........))..##oo@.......
.............).##.......
<...........#### .......
..#............# ...)...
. #........###..#.....?.
#....##... .........
#.... #.... ........
#.... ###.. ....... ..
>. .


You could see 2 orcs.

Vanquished Creatures
  Natasha (D:2)
  Terence (D:2)
  3 adders (D:2)
  An ooze (D:1)
  A worm (D:3)
  A dart slug (D:2)
  A leopard gecko (D:2)
  4 orcs (D:3)
  3 giant cockroaches
  8 goblins
  8 hobgoblins
  11 jackals
  9 kobolds
  2 quokkas (D:2)
  3 ball pythons (D:1)
  5 bats
  4 frilled lizards
  13 rats
79 creatures vanquished.

Notes
Turn   | Place    | Note
-------+----------+-------------------------------------------
     0 | D:1      | mopl the Centaur Hunter began the quest for the Orb.
     0 | D:1      | Reached XP level 1. HP: 17/17 MP: 1/1
    37 | D:1      | Reached XP level 2. HP: 19/24 MP: 2/2
    53 | D:1      | Reached skill level 6 in Bows
   467 | D:1      | Reached XP level 3. HP: 25/29 MP: 3/3
   954 | D:2      | Reached skill level 7 in Bows
   997 | D:2      | Reached XP level 4. HP: 3/36 MP: 4/4
  1314 | D:2      | Found a burning altar of Makhleb.
  1672 | D:2      | Reached skill level 8 in Bows
  1866 | D:2      | Noticed Terence
  1880 | D:2      | Killed Terence
  2005 | D:2      | Noticed Natasha
  2015 | D:2      | Killed Natasha
  2015 | D:2      | Reached XP level 5. HP: 21/41 MP: 5/5
  2342 | D:3      | Slain by an orc

Skill      XL: |  1  2  3  4 |
---------------+-------------+-----
Bows           | 6 7 8 |  8.7
Fighting       | |  2.0
Dodging        | |  1.3
Stealth        | |  0.4

Action                   |  1- 3 |  4- 6 || total
-------------------------+-------+-------++-------
Melee: Short sword       |    96 |   111 ||   207
       Kick              |    14 |    22 ||    36
 Fire: Shortbow          |     8 |       ||     8
  Use: Potion            |     1 |       ||     1
  Eat: Chunk             |       |     3 ||     3
Armor: Leather armour    |    38 |    24 ||    62
       Ring mail         |       |    27 ||    27
Dodge: Dodged            |    42 |    55 ||    97
